 Dungeon Crawl Stone Soup version 0.30-a0-618-gd6c86c23d0 (webtiles) character file.

Game seed: 13461908854705851235

1924 Dirtsage the Carver (level 8, -1/58 HPs)
             Began as a Demonspawn Fighter on Jan 9, 2023.
             Was a Believer of Qazlal.
             Slain by a wight
             ... wielding a +3 falchion
              (10 damage)
             ... on level 6 of the Dungeon.
             The game lasted 00:10:27 (4093 turns).

Dirtsage the Carver (Demonspawn Fighter)            Turns: 4093, Time: 00:10:28

Health: -1/58      AC: 11    Str: 16    XL:     8   Next: 96%
Magic:  12/13      EV:  9    Int: 14    God:    Qazlal [**....]
Gold:   330        SH:  7    Dex: 13    Spells: 7/7 levels left

rFire   . . .      SeeInvis .    a - +0 long sword
rCold   . . .      Faith    .    c - +0 buckler
rNeg    . . .      Spirit   .    b - +0 scale mail
rPois   .          Reflect  .    (helmet restricted)
rElec   .          Harm     .    x - +0 cloak
rCorr   .          Rampage  .    i - +0 pair of gloves
Will    .....                    (no boots) Stlth
                                 (no amulet)
HPRegen 0.29/turn                (no ring)
MPRegen 0.13/turn                (no ring)

@: no status effects
A: horns 1, yellow scales 2, spiny 1, clever 1, evolution 1, MP-powered wands,
sturdy frame 1
a: Renounce Religion, Upheaval


You were on level 6 of the Dungeon.
You worshipped Qazlal.
Qazlal was pleased with you.
You visited 1 branch of the dungeon, and saw 6 of its levels.
You also visited: Ossuary.

You collected 330 gold pieces.

Inventory:

Hand Weapons
 a - a +0 long sword (weapon)
 y - a +0 rapier
Missiles
 z - 2 atropa-tipped darts (quivered)
Armour
 b - a +0 scale mail (worn)
 c - a +0 buckler (worn)
 i - a +0 pair of gloves (worn)
 x - a +0 cloak (worn)
Jewellery
 E - an amulet of magic regeneration
Wands
 s - a wand of paralysis (11)
 D - a wand of flame (17)
Scrolls
 f - 2 scrolls of poison {unknown}
 g - 3 scrolls of amnesia {unknown}
 h - 2 scrolls of enchant weapon {unknown}
 m - a scroll of enchant armour {unknown}
 p - 2 scrolls of teleportation {unknown}
 t - 4 scrolls of identify {unknown}
 u - 4 scrolls of fear {unknown}
 v - a scroll of vulnerability {unknown}
 C - a scroll of magic mapping {unknown}
Potions
 d - a potion of berserk rage {unknown}
 e - 2 potions of degeneration {unknown}
 j - 2 potions of cancellation {unknown}
 k - 2 potions of magic {unknown}
 l - a potion of heal wounds
 n - 3 potions of lignification {unknown}
 o - a potion of flight {unknown}
 q - 9 potions of curing
 r - a potion of mutation
 w - a potion of haste {unknown}
 A - a potion of resistance {unknown}
 B - 2 potions of attraction {unknown}


   Skills:
 - Level 3.0 Fighting
 * Level 8.3 Long Blades
 + Level 4.7 Throwing
 - Level 2.6 Armour
 - Level 2.6 Shields
 + Level 6.7 Invocations


You had 7 spell levels left.
You didn't know any spells.
Your spell library contained the following spells:

 Spells                   Type           Power      Damage    Failure   Level
 Apportation              Tloc           0%         N/A       65%         1
 Beastly Appendage        Tmut           0%         N/A       65%         1
 Necrotise                Necr           0%         1d4       65%         1
 Sting                    Tmut/Pois      0%         1d3       65%         1
 Summon Small Mammal      Summ           0%         N/A       65%         1
 Poisonous Vapours        Pois/Air       0%         N/A       78%         2
 Wereblood                Tmut           0%         N/A       78%         2
 Gell's Gravitas          Tloc           0%         N/A       95%         3
 Lesser Beckoning         Tloc           0%         N/A       95%         3
 Ozocubu's Armour         Ice            0%         N/A       95%         3
 Spider Form              Tmut/Pois      0%         N/A       95%         3
 Teleport Other           Tloc           0%         N/A       95%         3
 Olgreb's Toxic Radiance  Pois           0%         N/A       100%        4
 Blade Hands              Tmut           0%         N/A       100%        5
 Irradiate                Conj/Tmut      0%         3d11      100%        5
 Metabolic Englaciation   Hex/Ice        0%         N/A       100%        5
 Simulacrum               Ice/Necr       0%         N/A       100%        6
 Dragon Form              Tmut           0%         N/A       100%        7


Dungeon Overview and Level Annotations

Branches:
Dungeon (6/15)            Ossuary (visited)
 Temple: D:4-7

Altars:
Dithmenos
Kikubaaqudgha
Makhleb
Qazlal
Trog
Wu Jian


Innate Abilities, Weirdness & Mutations

You have a pair of small horns on your head.
You are mostly covered in yellow scales. (AC +3)
You are partially covered in sharp spines.
Your mind is acute. (Int +4, Str/Dex -1)
You have hidden genetic potential.
You expend magic power (3 MP) to strengthen your wands.
Your movements are slightly less encumbered by armour. (ER -2)


Message History

You closely miss the scorpion.
The scorpion is moderately wounded.
You feel sick. The scorpion is struck by your spines.
The scorpion completely misses you. The wight barely misses you.
You take 2 damage, and have 29/56 hp.
You closely miss the scorpion.
The scorpion is severely wounded.
You feel sick. The scorpion is struck by your spines.
You kill the scorpion!
Qazlal accepts your kill. The wight barely misses you.
You take 1 damage, and have 28/57 hp.
You hit the wight.
The wight is moderately damaged.
You feel sick. The wight hits you with a +0 battleaxe.
The wight hits you with a +3 falchion.
You take 7 damage, and have 21/57 hp.
You closely miss the wight.
The wight is moderately damaged.
You feel sick. The wight closely misses you.
The wight hits you with a +3 falchion.
You take 3 damage, and have 18/57 hp.
You hit the wight.
The wight is heavily damaged.
You feel sick. The wight is struck by your spines.
You destroy the wight!
Qazlal accepts your kill. The wight hits you with a +3 falchion!
* * * LOW HITPOINT WARNING * * *
Your life force feels restored.
You take 9 damage, and have 9/58 hp.
You completely miss the wight.
The wight is heavily damaged.
You feel sick.
You are no longer poisoned.
You block the wight's attack.
You hit the wight but do no damage.
The wight is heavily damaged.
The wight is struck by your spines. The wight hits you with a +3 falchion!
You die...

... ###......###......#..# #
....###...###.## #......#..# #
.........## #.# #........#####
.........####.## #........# #..
...........#...###........###.#
.........#/..............#..[<#
.......................)##.####
...........s.#)###.............
....#........#@# #.............
....##.##..#.z$# #.......#.....
... #.#.......##......#..#...#
#.#.###........>.###...##. #.
#.................#. #
#<........##........ #.........
......#.. #####.. ......#..
.... ...


You could see a wight.

Vanquished Creatures
  Eustachio (D:4)
  Menkaure (Ossuary)
  2 water moccasins (D:5)
  An ogre (D:5)
  A phantom (D:5)
  An elf zombie (D:5)
  2 scorpions
  An elf skeleton (D:5)
  A necrophage (D:5)
  2 troll zombies (Ossuary)
  6 wights (D:6)
  A howler monkey (D:5)
  A centaur zombie (Ossuary)
  2 iguanas (D:5)
  An orc priest (D:5)
  3 human skeletons (D:5)
  An orc wizard (D:5)
  2 ogre zombies (Ossuary)
  6 mummies (Ossuary)
  A gnoll (D:1)
  6 adders
  A white imp (D:5)
  An ufetubus (D:6)
  8 adder zombies (Ossuary)
  A worm (D:3)
  2 dart slugs
  12 orcs
  8 endoplasms
  6 giant cockroaches
  6 goblins
  10 hobgoblins
  6 quokkas
  11 ball pythons
  9 bats
  2 frilled lizards (D:3)
  2 goblin zombies (Ossuary)
  3 hobgoblin zombies (Ossuary)
  5 kobolds
  5 kobold zombies (Ossuary)
  An orc skeleton (D:5)
  2 quokka zombies (Ossuary)
  7 rats
  5 rat zombies (Ossuary)
156 creatures vanquished.

Vanquished Creatures (others)
  3 withered plants (D:4)
3 creatures vanquished.

Grand Total: 159 creatures vanquished

Notes
Turn   | Place    | Note
-------+----------+-------------------------------------------
     0 | D:1      | Dirtsage the Demonspawn Fighter began the quest for the
                  | Orb.
     0 | D:1      | Reached XP level 1. HP: 18/18 MP: 1/1
    41 | D:1      | Reached skill level 2 in Long Blades
   174 | D:1      | Gained mutation: You have a pair of small horns on your
                  | head. [demonic ancestry]
   174 | D:1      | Reached XP level 2. HP: 23/24 MP: 2/2
   283 | D:1      | Reached skill level 3 in Long Blades
   387 | D:1      | Gained mutation: You are partially covered in sharp spines.
                  | [demonic ancestry]
   387 | D:1      | Reached XP level 3. HP: 29/29 MP: 3/3
  1053 | D:2      | Gained mutation: You are partially covered in yellow
                  | scales. (AC +2) [demonic ancestry]
  1053 | D:2      | Reached XP level 4. HP: 35/35 MP: 4/4
  1111 | D:2      | Reached skill level 4 in Long Blades
  1833 | D:4      | Found a burning altar of Makhleb.
  1846 | D:4      | Found a bloodstained altar of Trog.
  1870 | D:4      | Found a shadowy altar of Dithmenos.
  1870 | D:4      | Found a stormy altar of Qazlal.
  1876 | D:4      | Became a worshipper of Qazlal Stormbringer
  1984 | D:4      | Gained mutation: You are mostly covered in yellow scales.
                  | (AC +3) [demonic ancestry]
  1984 | D:4      | Reached XP level 5. HP: 41/41 MP: 5/5
  2155 | D:4      | Noticed Eustachio
  2166 | D:4      | Killed Eustachio
  2167 | D:4      | Reached skill level 5 in Long Blades
  2167 | D:4      | Reached skill level 1 in Throwing
  2167 | D:4      | Reached XP level 6. HP: 47/47 MP: 5/7
  2278 | D:4      | Found an ancient bone altar of Kikubaaqudgha.
  2411 | D:5      | Entered Level 5 of the Dungeon
  2411 | D:5      | You fall into a shaft and drop 1 floor!
  2507 | D:5      | Found an ornate altar of the Wu Jian Council.
  2606 | D:5      | Reached XP level 7. HP: 47/52 MP: 9/9
  2618 | D:5      | Reached skill level 6 in Long Blades
  2804 | D:5      | Found a sand-covered staircase.
  2816 | D:5      | Reached * piety under Qazlal
  2856 | Ossuary  | Entered an ossuary
  3143 | Ossuary  | Noticed Menkaure
  3149 | Ossuary  | Gained mutation: You expend magic power (3 MP) to
                  | strengthen your wands. [potion of mutation]
  3149 | Ossuary  | Gained mutation: You have hidden genetic potential. [potion
                  | of mutation]
  3149 | Ossuary  | Gained mutation: Your movements are slightly less
                  | encumbered by armour. (ER -2) [potion of mutation]
  3156 | Ossuary  | Killed Menkaure
  3157 | Ossuary  | Reached skill level 7 in Long Blades
  3157 | Ossuary  | Reached XP level 8. HP: 52/58 MP: 11/11
  3158 | Ossuary  | Reached skill level 5 in Invocations
  3358 | Ossuary  | Reached ** piety under Qazlal
  3571 | D:5      | Gained mutation: Your mind is acute. (Int +4, Str/Dex -1)
                  | [hidden potential]
  3903 | D:6      | Reached skill level 8 in Long Blades
  4093 | D:6      | Slain by a wight

Illustrated notes

Levels and vault maps discovered:
D:1:      eino_arrival_water_cross, layout_rooms, minmay_unequal
D:2:      layout_loops_ring
D:3:      minmay_spotlight, layout_rooms, mainiacjoe_overflow_alcove_2,
          minivault_23, grunt_ministairs_3, serial_park_tiny_pond
D:4:      layout_basic, mainiacjoe_overflow_catch_the_wave,
          kiku_gazebo_garden_becter, minitemple, fountainhead, uniq_eustachio
D:5:      layout_gridville, kennysheep_little_box, elyvilon_altar_5,
          nicolae_ossuary_entry_catacombs
D:6:      layout_rooms, serial_shops, nicolae_square_shop,
          gammafunk_ghost_nasty_kobolds

Skill      XL: |  1  2  3  4  5  6  7  8 |
---------------+-------------------------+-----
Long Blades    | 2 3 4 5 7 8 |  8.3
Throwing       | 1 2 3 4 |  4.7
Invocations    | 2 3 4 6 |  6.7
Fighting       | |  3.0
Armour         | |  2.6
Shields        | |  2.6

Action                   |  1- 3 |  4- 6 |  7- 9 || total
-------------------------+-------+-------+-------++-------
Melee: Long sword        |    74 |   117 |   256 ||   447
       Headbutt          |    10 |    16 |    55 ||    81
Evoke: Wand              |       |     1 |     1 ||     2
  Use: Potion            |       |       |     4 ||     4
 Stab: Paralysed         |       |     7 |     5 ||    12
Armor: Scale mail        |    35 |    50 |    82 ||   167
Dodge: Dodged            |    33 |    38 |    66 ||   137
Block: Buckler           |    19 |    22 |    56 ||    97

Table legend: (Time is in decaauts)
 A = Elapsed time spent in this place.
 B = Non-inter-level travel time spent in this place.
 C = Inter-level travel time spent in this place.
 D = Time resting spent in this place.
 E = Time spent auto-exploring this place.
 F = Levels seen in this place.
 G = Mean time per level.
                   A        B        C        D        E       F      G
               +--------+--------+--------+--------+--------+-----+--------+
         Total |   4160 |   4034 |    126 |     13 |   3030 |   7 |  594.3 |
       Dungeon |   3531 |   3405 |    126 |     13 |   2615 |   6 |  588.5 |
       Ossuary |    629 |    629 |      0 |      0 |    415 |   1 |  629.0 |
               +--------+--------+--------+--------+--------+-----+--------+

Top non-repeatable levels by time:
     D:5: 819 daAuts
     D:4: 722 daAuts
     D:2: 698 daAuts
 Ossuary: 629 daAuts
     D:1: 583 daAuts
     D:3: 445 daAuts
     D:6: 261 daAuts
